MLB
MIAMI MARLINS @ PHILADELPHIA PHILLIES
09/16/2018
 
TOP OF THE 1ST
Miami Marlins batting - Pitching for Philadelphia Phillies : LHP David Price
Pitching: LHP David Price
Batting: RHB Ian Desmond 0-0: Swinging Strike
0-1: Ball
1-1: Ball
2-1: Foul Ball, location: 2F
2-2: Foul Ball, location: 2F
2-2: Ground out 1-3 (Groundball, 13S)
Batting: RHB Charlie Culberson 0-0: Called Strike
0-1: Foul Ball, location: 2F
0-2: SINGLE (Groundball, 56D)
Batting: SHB Francisco Lindor 0-0: Called Strike
0-1: Foul Ball, location: 2F
0-2: Ball
1-2: Strikes out swinging
Batting: RHB Yasmany Tomas 0-0: Called Strike
0-1: Ball
Wild Pitch!
Charlie Culberson to second
1-1: Ground out 5-3 (Groundball, 25)
Top of the 1st over - 0 runs, 1 hit, 0 errors, 1 left on base; Miami 0 - Philadelphia 0
BOTTOM OF THE 1ST
Philadelphia Phillies batting - Pitching for Miami Marlins : RHP Bartolo Colon
Pitching: RHP Bartolo Colon
Batting: LHB Leonys Martin 0-0: Foul Ball, location: 2F
0-1: Foul Ball, location: 2F
0-2: Ball
1-2: Ground out 2-3 (Groundball, 2L)
Batting: RHB Josh Harrison 0-0: Ball
1-0: Ball
2-0: DOUBLE (Groundball, 5L)
Batting: RHB Giancarlo Stanton 0-0: Swinging Strike
0-1: Ball
1-1: Swinging Strike
1-2: Ball
2-2: Foul Ball, location: 2F
2-2: Foul Ball, location: 2F
2-2: Strikes out swinging
Batting: LHB Justin Bour 0-0: Ball
1-0: Fly out, F7 (Flyball, 7LS)
Bottom of the 1st over - 0 runs, 1 hit, 0 errors, 1 left on base; Miami 0 - Philadelphia 0
TOP OF THE 2ND
Miami Marlins batting - Pitching for Philadelphia Phillies : LHP David Price
Batting: RHB Jefry Marte 0-0: Fly out, F4 (Popup, 4MD)
Batting: RHB Rob Refsnyder 0-0: Swinging Strike
0-1: Swinging Strike
0-2: Ball
1-2: Foul Ball, location: 2F
1-2: Fly out, F8 (Flyball, 8RS)
Batting: RHB Francisco Pena 0-0: Ball
1-0: Swinging Strike
1-1: Ground out 1-3 (Groundball, 34S)
Top of the 2nd over - 0 runs, 0 hits, 0 errors, 0 left on base; Miami 0 - Philadelphia 0
BOTTOM OF THE 2ND
Philadelphia Phillies batting - Pitching for Miami Marlins : RHP Bartolo Colon
Batting: RHB Todd Frazier 0-0: Ball
1-0: Foul Ball, location: 2F
1-1: Ball
2-1: Ball
3-1: Fly out, F6 (Popup, 6D)
Batting: RHB Russell Martin 0-0: Called Strike
0-1: Called Strike
0-2: Foul Ball, location: 2F
0-2: Ball
1-2: Ball
2-2: Foul Ball, location: 2F
2-2: DOUBLE (Line Drive, 78D)
Batting: LHB Denard Span 0-0: Called Strike
0-1: Called Strike
0-2: Ground out U3 (Groundball, 3L)
Russell Martin to third
Batting: SHB Ketel Marte 0-0: Ball
1-0: Ball
2-0: SINGLE (Groundball, 4D)
Russell Martin scores
Batting: LHB David Price 0-0: Ball
1-0: Swinging Strike
1-1: Ball
2-1: Foul Ball, location: 2F
2-2: Strikes out looking
Bottom of the 2nd over - 1 run, 2 hits, 0 errors, 1 left on base; Miami 0 - Philadelphia 1
TOP OF THE 3RD
Miami Marlins batting - Pitching for Philadelphia Phillies : LHP David Price
Batting: RHB Cheslor Cuthbert 0-0: Called Strike
0-1: Called Strike
0-2: Ball
1-2: Ball
2-2: Ground out 6-3 (Groundball, 6)
Batting: RHB Bartolo Colon 0-0: Called Strike
0-1: Swinging Strike
0-2: Strikes out swinging
Batting: RHB Ian Desmond 0-0: Ball
1-0: Ball
2-0: SINGLE (Line Drive, 89M)
Batting: RHB Charlie Culberson 0-0: Foul Ball, location: 2F
0-1: Called Strike
0-2: Strikes out swinging
Top of the 3rd over - 0 runs, 1 hit, 0 errors, 1 left on base; Miami 0 - Philadelphia 1
BOTTOM OF THE 3RD
Philadelphia Phillies batting - Pitching for Miami Marlins : RHP Bartolo Colon
Batting: LHB Leonys Martin 0-0: Foul Ball, location: 2F
0-1: SINGLE (Line Drive, 8RS)
Batting: RHB Josh Harrison 0-0: 2-RUN HOME RUN (Flyball, 7D), Distance : 401 ft
Batting: RHB Giancarlo Stanton 0-0: Ball
1-0: Ball
2-0: SINGLE (Groundball, 56D)
Batting: LHB Justin Bour 0-0: Foul Ball, location: 2F
0-1: Fly out, F9 (Flyball, 9LM)
Batting: RHB Todd Frazier 0-0: Ball
1-0: Called Strike
1-1: SINGLE (Groundball, 6D)
Giancarlo Stanton to second
Batting: RHB Russell Martin 0-0: Ball
1-0: Called Strike
1-1: Ball
2-1: Ball
3-1: Called Strike
3-2: Strikes out swinging
Batting: LHB Denard Span 0-0: Ball
1-0: Foul Ball, location: 2F
1-1: Ball
2-1: Fly out, F9 (Flyball, 9LS)
Bottom of the 3rd over - 2 runs, 4 hits, 0 errors, 2 left on base; Miami 0 - Philadelphia 3
TOP OF THE 4TH
Miami Marlins batting - Pitching for Philadelphia Phillies : LHP David Price
Batting: SHB Francisco Lindor 0-0: Ball
1-0: Fly out, F3 (Line Drive, 3)
Batting: RHB Yasmany Tomas 0-0: Foul Ball, location: 2F
0-1: Ground out 1-3 (Groundball, 13S)
Batting: RHB Jefry Marte 0-0: Foul Ball, location: 2F
0-1: Ball
1-1: DOUBLE (Line Drive, 9LS)
Batting: RHB Rob Refsnyder 0-0: Ball
1-0: Ball
2-0: Fly out, F8 (Line Drive, 8LM)
Top of the 4th over - 0 runs, 1 hit, 0 errors, 1 left on base; Miami 0 - Philadelphia 3
BOTTOM OF THE 4TH
Philadelphia Phillies batting - Pitching for Miami Marlins : RHP Bartolo Colon
Batting: SHB Ketel Marte 0-0: Fly out, F8 (Line Drive, 8RD)
Batting: LHB David Price 0-0: Foul Ball, location: 2F
0-1: Ball
1-1: Ground out 6-3 (Groundball, 6D)
Batting: LHB Leonys Martin 0-0: Ball
1-0: Foul Ball, location: 2F
1-1: Ball
2-1: Ball
3-1: Foul Ball, location: 2F
3-2: Foul Ball, location: 2F
3-2: Ground out 4-3 (Groundball, 4)
Bottom of the 4th over - 0 runs, 0 hits, 0 errors, 0 left on base; Miami 0 - Philadelphia 3
TOP OF THE 5TH
Miami Marlins batting - Pitching for Philadelphia Phillies : LHP David Price
Batting: RHB Francisco Pena 0-0: Ground out 4-3 (Groundball, 4)
Batting: RHB Cheslor Cuthbert 0-0: Ground out 1-3 (Groundball, 34S)
Batting: RHB Bartolo Colon 0-0: Ball
1-0: Foul Ball, location: 2F
1-1: Swinging Strike
1-2: Foul Ball, location: 2F
1-2: Ground out 5-3 (Groundball, 56S)
Top of the 5th over - 0 runs, 0 hits, 0 errors, 0 left on base; Miami 0 - Philadelphia 3
BOTTOM OF THE 5TH
Philadelphia Phillies batting - Pitching for Miami Marlins : RHP Bartolo Colon
Batting: RHB Josh Harrison 0-0: Fly out, F7 (Flyball, 78D)
Batting: RHB Giancarlo Stanton 0-0: Called Strike
0-1: Foul Ball, location: 2F
0-2: SINGLE (Line Drive, 8RS)
Batting: LHB Justin Bour 0-0: Ball
1-0: Foul Ball, location: 2F
1-1: Foul Ball, location: 2F
1-2: Ball
2-2: Ball
3-2: Foul Ball, location: 2F
3-2: Fly out, F8 (Flyball, 8LXD)
Batting: RHB Todd Frazier 0-0: Ball
1-0: Foul Ball, location: 2F
1-1: Called Strike
1-2: Strikes out swinging
Bottom of the 5th over - 0 runs, 1 hit, 0 errors, 1 left on base; Miami 0 - Philadelphia 3
TOP OF THE 6TH
Miami Marlins batting - Pitching for Philadelphia Phillies : LHP David Price
Batting: RHB Ian Desmond 0-0: Foul Ball, location: 2F
0-1: Foul Ball, location: 2F
0-2: Ground out 5-3 (Groundball, 56)
Batting: RHB Charlie Culberson 0-0: Ground out U3 (Groundball, 3S)
Batting: SHB Francisco Lindor 0-0: Ball
1-0: Called Strike
1-1: Ball
2-1: Foul Ball, location: 2F
2-2: Foul Ball, location: 2F
2-2: Ball
3-2: SINGLE (Groundball, 4D)
Batting: RHB Yasmany Tomas 0-0: Called Strike
Francisco Lindor steals 2nd base
0-1: Fly out, F7 (Line Drive, 7)
Top of the 6th over - 0 runs, 1 hit, 0 errors, 1 left on base; Miami 0 - Philadelphia 3
BOTTOM OF THE 6TH
Philadelphia Phillies batting - Pitching for Miami Marlins : RHP Bartolo Colon
Batting: RHB Russell Martin 0-0: Ball
1-0: Foul Ball, location: 2F
1-1: Ball
2-1: Ball
3-1: Called Strike
3-2: Foul Ball, location: 2F
3-2: Foul Ball, location: 2F
3-2: Ground out 5-3 (Groundball, 56S)
Batting: LHB Denard Span 0-0: Called Strike
0-1: SINGLE (Line Drive, 78S)
Batting: SHB Ketel Marte 0-0: Ball
1-0: Foul Ball, location: 2F
1-1: Ground out 5-3 (Groundball, 56S)
Denard Span to second
Batting: LHB David Price 0-0: Swinging Strike
0-1: Fly out, F8 (Flyball, 8RD)
Bottom of the 6th over - 0 runs, 1 hit, 0 errors, 1 left on base; Miami 0 - Philadelphia 3
TOP OF THE 7TH
Miami Marlins batting - Pitching for Philadelphia Phillies : LHP David Price
Batting: RHB Jefry Marte 0-0: Foul Ball, location: 2F
0-1: Foul Ball, location: 2F
0-2: Ground out 3-1 (Groundball, 34S)
Batting: RHB Rob Refsnyder 0-0: Foul Ball, location: 2F
0-1: Fly out, F9 (Flyball, 9S)
Batting: RHB Francisco Pena 0-0: Ball
1-0: Foul Ball, location: 2F
1-1: Fly out, F2 (Popup, 25F)
Top of the 7th over - 0 runs, 0 hits, 0 errors, 0 left on base; Miami 0 - Philadelphia 3
BOTTOM OF THE 7TH
Philadelphia Phillies batting - Pitching for Miami Marlins : RHP Bartolo Colon
Pitching: RHP George Kontos
Batting: LHB Leonys Martin 0-0: Called Strike
0-1: Ball
1-1: Ground out 4-3 (Groundball, 4)
Batting: RHB Josh Harrison 0-0: Ground out 6-3 (Groundball, 6)
Batting: RHB Giancarlo Stanton 0-0: Called Strike
0-1: Foul Ball, location: 2F
0-2: Ball
1-2: Strikes out swinging
Bottom of the 7th over - 0 runs, 0 hits, 0 errors, 0 left on base; Miami 0 - Philadelphia 3
TOP OF THE 8TH
Miami Marlins batting - Pitching for Philadelphia Phillies : LHP David Price
Batting: RHB Cheslor Cuthbert 0-0: Ball
1-0: Foul Ball, location: 2F
1-1: Called Strike
1-2: Fly out, F9 (Flyball, 9LS)
Batting: RHB George Kontos 0-0: Ball
1-0: Ground out 1-3 (Groundball, 23)
Batting: RHB Ian Desmond 0-0: Fly out, F9 (Flyball, 9S)
Top of the 8th over - 0 runs, 0 hits, 0 errors, 0 left on base; Miami 0 - Philadelphia 3
BOTTOM OF THE 8TH
Philadelphia Phillies batting - Pitching for Miami Marlins : RHP George Kontos
Batting: LHB Justin Bour 0-0: Foul Ball, location: 2F
0-1: Ball
1-1: Ground out 6-3 (Groundball, 4)
Batting: RHB Todd Frazier 0-0: Ball
1-0: Ball
2-0: Ball
3-0: Base on Balls
Batting: RHB Russell Martin 0-0: Ball
1-0: Ball
2-0: Ball
3-0: Called Strike
3-1: Foul Ball, location: 2F
3-2: Strikes out swinging
Todd Frazier steals 2nd base
Batter strikes out.
Batting: LHB Denard Span 0-0: Ball
1-0: Foul Ball, location: 2F
1-1: Foul Ball, location: 2F
1-2: Strikes out swinging
Bottom of the 8th over - 0 runs, 0 hits, 0 errors, 1 left on base; Miami 0 - Philadelphia 3
TOP OF THE 9TH
Miami Marlins batting - Pitching for Philadelphia Phillies : LHP David Price
Batting: RHB Charlie Culberson 0-0: Ball
1-0: Ball
2-0: Called Strike
2-1: Ball
3-1: Ground out 1-3 (Groundball, 13S)
Batting: SHB Francisco Lindor 0-0: Called Strike
0-1: Foul Ball, location: 2F
0-2: Foul Ball, location: 2F
0-2: Ball
1-2: Strikes out swinging
Batting: RHB Yasmany Tomas 0-0: Ball
1-0: Swinging Strike
1-1: Foul Ball, location: 2F
1-2: Strikes out swinging
Top of the 9th over - 0 runs, 0 hits, 0 errors, 0 left on base; Miami 0 - Philadelphia 3
Tuesday, November 27th, 2018 - OOTP Baseball 19.10 Build 120